 Dungeon Crawl Stone Soup version 0.28-a0-998-gb9e9c7b67e (webtiles) character file.

Game seed: 10319021937880501132

78 ytrimaz the Insei (level 4, 0/43 HPs)
             Began as an Octopode Transmuter on Dec 5, 2021.
             Slain by an orc (2 damage)
             ... on level 3 of the Dungeon.
             The game lasted 00:02:56 (2547 turns).

ytrimaz the Insei (Octopode Transmuter)             Turns: 2547, Time: 00:02:56

Health: 0/43       AC: 22    Str:  9    XL:     4   Next: 36%
Magic:  6/8        EV:  2    Int: 17    God:
Gold:   51         SH:  0    Dex: 14    Spells: 4/8 levels left

rFire   . . .      SeeInvis .     - Unarmed
rCold   . . .      Faith    .   (no shield)
rNeg    . . .      Spirit   .   (helmet currently unavailable)
rPois   +          Reflect  .   (no amulet)
rElec   .          Harm     .   c - ring of wizardry
rCorr   .          Rampage  .   b - ring of willpower
Will    +....      NoTele   +   (no ring)
Stlth   +.........              (no ring)
HPRegen 0.14/turn               (no ring)
MPRegen 0.11/turn               (no ring)
                                (no ring)
                                (no ring)

@: tree-form, hasted, very quick
A: stationary, stasis, torment immunity, boosted hp, almost no armour,
(amphibious), 8 rings, (camouflage 1), (gelatinous body 1), (nimble swimmer 1),
(tentacles), (iridescent scales 1), agile 1
a: no special abilities


You were on level 3 of the Dungeon.
You were a tree.
You visited 1 branch of the dungeon, and saw 3 of its levels.

You collected 51 gold pieces.

Inventory:

Armour
 d - a +2 hat of intelligence (melded)
Jewellery
 b - a ring of willpower (right branch)
 c - a ring of wizardry (left branch)
Scrolls
 f - a scroll of fog
Potions
 a - a potion of haste


   Skills:
 * Level 1.7 Fighting
 * Level 2.4 Dodging
 + Level 3.5 Unarmed Combat
 * Level 2.7 Spellcasting
 * Level 2.6 Transmutations


You had 4 spell levels left.
You knew the following spells:

 Your Spells              Type           Power      Damage    Failure   Level
a - Beastly Appendage     Tmut           22%        N/A       2%          1
b - Spider Form           Tmut/Pois      6%         N/A       12%         3

Your spell library contained the following spells:

 Spells                   Type           Power      Damage    Failure   Level
 Wereblood                Tmut           11%        N/A       4%          2
 Summon Guardian Golem    Hex/Summ       2%         N/A       21%         3
 Ice Form                 Ice/Tmut       6%         N/A       38%         4
 Orb of Destruction       Conj           1%         N/A       100%        7
 Spellforged Servitor     Conj/Summ      1%         N/A       100%        7


Dungeon Overview and Level Annotations

Branches:
Dungeon (3/15)

Altars:


Innate Abilities, Weirdness & Mutations

You are a tree.
Your roots penetrate the ground, keeping you stationary.
You cannot be teleported.
You are immune to unholy pain and torment.
Your maximum health is greatly increased.
You cannot wear most types of armour.
((You are amphibious.))
You can wear up to eight rings at the same time.
((Your skin changes colour to match your surroundings (Stealth+).))
((Your rubbery body absorbs attacks. (AC +1, EV +1)))
((You are camouflaged near water. (Stealth+)))
((You have tentacles for arms and can constrict up to eight enemies at once.))
((You are partially covered in iridescent scales. (AC +2)))
You are agile. (Dex +2)


Message History

Things that are here:
a +0 dagger; a +0 robe 2 orcs come into view.
The orc shouts!
The orc priest looks encouraged for a moment.
Unknown command.
You completely miss the orc.
The orc shouts!
The orc priest invokes the aid of Beogh against you.
Beogh smites you!
* * * LOW HITPOINT WARNING * * *
The orc hits you with a +0 short sword.
* * * LOW HITPOINT WARNING * * *
You feel yourself speed up. The orc barely misses you.
It was a potion of lignification.
Your transformation has ended.
Your +2 hat of intelligence unmelds from your body.
You feel clever.
You turn into a tree.
Your +2 hat of intelligence melds into your body.
You feel stupid.
Your roots penetrate the ground.
Unknown command.
You smack the orc priest!
You punch the orc priest, but do no damage.
The orc priest is severely wounded.
The orc hits you but does no damage.
The orc priest miscasts a cantrip.
Unknown command.
You hit the orc priest.
The orc priest is almost dead.
Unknown command.
You hit the orc priest but do no damage.
The orc priest is almost dead.
The orc hits you but does no damage.
The orc priest hits you but does no damage.
You barely miss the orc priest.
The orc priest is almost dead.
The orc hits you with a +0 short sword.
You die...

### ..# ##..#
#..# ##).# . ##
#...# #.###.
#).##
#.....######♣.#
#.........oo.#
.#.......o.#
#....<..###
#.......#
#.......#
#...<...#
##.#.##.#
...#.##.#


You could see an orc priest and 2 orcs.

Vanquished Creatures
  An orc wizard (D:3)
  2 adders (D:2)
  A worm (D:2)
  A dart slug (D:1)
  7 endoplasms
  4 giant cockroaches
  A goblin (D:1)
  2 jackals (D:1)
  A ball python (D:2)
  4 bats
  2 frilled lizards (D:2)
  A kobold (D:3)
  3 rats
30 creatures vanquished.

Notes
Turn   | Place    | Note
-------+----------+-------------------------------------------
     0 | D:1      | ytrimaz the Octopode Transmuter began the quest for the
                  | Orb.
     0 | D:1      | Reached XP level 1. HP: 13/13 MP: 3/3
   330 | D:1      | Reached XP level 2. HP: 15/18 MP: 3/5
  1143 | D:1      | Gained mutation: You are partially covered in iridescent
                  | scales. (AC +2) [potion of mutation]
  1143 | D:1      | Gained mutation: You are agile. (Dex +2) [potion of
                  | mutation]
  1245 | D:2      | Identified a scroll of acquirement
  1245 | D:2      | Acquired a +2 hat of intelligence
  1770 | D:2      | Reached XP level 3. HP: 17/23 MP: 4/6
  1880 | D:2      | Learned a level 3 spell: Spider Form
  2517 | D:3      | Reached XP level 4. HP: 22/29 MP: 6/8
  2540 | D:3      | HP: 1/29 [orc (1)]
  2547 | D:3      | Slain by an orc

Illustrated notes

Levels and vault maps discovered:
D:1:      evilmike_arrival_fibonacci_small, layout_loops_corners,
          glass_columns_b, minmay_pentomino_z4
D:2:      layout_loops_ring, st_stairs_14, minivault_5
D:3:      layout_rooms

Action                   |  1- 3 |  4- 6 || total
-------------------------+-------+-------++-------
Melee: Unarmed           |   104 |     5 ||   109
       Constrict         |    17 |       ||    17
       Kick              |    17 |       ||    17
       Tentacles         |     9 |       ||     9
       Punch             |     3 |     1 ||     4
 Cast: Beastly Appendage |    20 |       ||    20
       Spider Form       |     2 |     1 ||     3
  Use: Scroll            |     5 |       ||     5
       Potion            |     1 |     2 ||     3
 Stab: Sleeping          |     3 |       ||     3
Armor: Skin              |    23 |     3 ||    26
Dodge: Dodged            |    62 |     1 ||    63

Table legend: (Time is in decaauts)
 A = Elapsed time spent in this place.
 B = Non-inter-level travel time spent in this place.
 C = Inter-level travel time spent in this place.
 D = Time resting spent in this place.
 E = Time spent auto-exploring this place.
 F = Levels seen in this place.
 G = Mean time per level.
                   A        B        C        D        E       F      G
               +--------+--------+--------+--------+--------+-----+--------+
         Total |   2537 |   2495 |     42 |    123 |   1993 |   3 |  845.7 |
       Dungeon |   2537 |   2495 |     42 |    123 |   1993 |   3 |  845.7 |
               +--------+--------+--------+--------+--------+-----+--------+

Top non-repeatable levels by time:
     D:2: 1248 daAuts
     D:1: 1174 daAuts
     D:3: 114 daAuts
